 Dungeon Crawl Stone Soup version 0.21.0 (webtiles) character file.

2232 Hekarica the Nimble (level 9, -1/71 HPs)
             Began as a Merfolk Monk on June 3, 2018.
             Slain by an orc
             ... wielding a +0 war axe
              (6 damage)
             ... on level 7 of the Dungeon.
             The game lasted 00:29:07 (7345 turns).

Hekarica the Nimble (Merfolk Monk)                  Turns: 7345, Time: 00:29:07

Health: -1/71      AC:  5    Str: 14    XL:     9   Next: 36%
Magic:  9/9        EV: 17    Int: 10    God:
Gold:   241        SH:  0    Dex: 16    Spells: 8/8 levels left

rFire    . . .     SeeInvis .     - Unarmed
rCold    . . .     Gourm    .   (no shield)
rNeg     . . .     Faith    .   i - +2 leather armour
rPois    .         Spirit   .   (no helmet)
rElec    .         Reflect  .   (no cloak)
rCorr    .         Harm     .   (no gloves)
MR       ++...                  (no boots)
Stlth    +++.......             (no amulet)
HPRegen  0.21/turn              a - ring of protection from magic
MPRegen  0.11/turn              m - ring of protection from magic

@: no status effects
A: change form in water, swift swim, stealthy swim
a: no special abilities


You were on level 7 of the Dungeon.
You were not hungry.

You visited 1 branch of the dungeon, and saw 7 of its levels.

You collected 358 gold pieces.
You spent 117 gold pieces at shops.

Inventory:

Hand Weapons
 b - a +0 shortbow
 h - a cursed -2 hand axe
 y - a cursed -1 shortbow
Missiles
 n - 3 tomahawks (quivered)
 t - 56 arrows
Armour
 i - a +2 leather armour (worn)
 w - a +0 leather armour of cold resistance
Jewellery
 a - a ring of protection from magic (left hand)
 d - an uncursed ring of magical power
 e - an uncursed amulet of rage
 f - the ring "Jewnaumm" {Ice *Corrode MR+ Int+3 Stlth+, unknown}
   (You took it off a centaur on level 6 of the Dungeon)

   [ring of ice]

   It enhances your ice magic.
   It affects your intelligence (+3).
   It makes you vulnerable to fire.
   It protects you from cold.
   It affects your resistance to hostile enchantments.
   It may corrode you when you take damage.
   It makes you more stealthy.
 m - a ring of protection from magic (right hand)
 o - an uncursed ring of ice
 q - an uncursed ring of flight {unknown}
Wands
 k - a wand of random effects (26)
Scrolls
 c - 2 scrolls of enchant weapon
 g - 2 scrolls of blinking
 l - 2 scrolls of teleportation
 p - a scroll of enchant armour
 u - a scroll of fog
Potions
 j - a potion of lignification {unknown}
 r - a potion of ambrosia {unknown}
 v - a potion of degeneration {unknown}
 x - a potion of heal wounds {unknown}
 z - 2 potions of curing
 A - a potion of flight
Comestibles
 s - 6 rations


   Skills:
 + Level 6.7 Fighting
 - Level 1.7 Armour
 + Level 8.5 Dodging
 + Level 6.8 Stealth
 + Level 8.4 Unarmed Combat


You had 8 spell levels left.
You didn't know any spells.

Dungeon Overview and Level Annotations

Branches:
Dungeon (7/15)
 Temple: D:4-7

Altars:
Gozag
Kikubaaqudgha
Nemelex Xobeh
Okawaru
Sif Muna
Trog
Uskayaw
Xom
Yredelemnul
Zin
The Shining One

Shops:
D:7 !

Annotations:
D:4 exclusion: phantom


Message History

The orc warrior hits you but does no damage.
You hit the orc warrior.
The orc warrior is severely wounded.
The orc closely misses you.
The orc warrior hits you with a short sword.
* * * LOW HITPOINT WARNING * * *
You hit the orc warrior.
The orc warrior is almost dead.
The orc hits you with a war axe.
* * * LOW HITPOINT WARNING * * *
You hit the orc warrior.
The orc warrior is almost dead.
The orc warrior hits you with a short sword.
* * * LOW HITPOINT WARNING * * *
You hit the orc warrior.
You kill the orc warrior!
The orc misses you.
You barely miss the orc. The orc closely misses you.
You closely miss the orc. The orc hits you with a war axe.
You die...

# ###h. #.#...# .#
#.#...###.# #
#....)))#.# .#
#.###...#(#.##.##
#.......#.#.#... #
#####..$#.#... #
##...#.#.# #
#)..)@)..# #
#/####o#.# # #.#
#<#.# #
################.#
#
#................#
#
#.################
# #.# # #.# # #†#


You could see an orc.

Vanquished Creatures
  Eustachio (D:5)
  A hungry ghost (D:6)
  2 sky beasts (D:5)
  A black bear (D:7)
  2 orc warriors (D:7)
  2 phantoms
  3 centaurs
  An eye of draining (D:6)
  3 bullfrogs (D:6)
  A scorpion (D:7)
  A howler monkey (D:4)
  2 crimson imps
  2 orc priests
  An orc wizard (D:6)
  3 centaur skeletons
  3 iguanas
  Ijyb (D:3)
  4 worker ants
  A hound skeleton (D:7)
  A worker ant zombie (D:5)
  3 gnolls (D:2)
  7 adders
  A shadow imp (D:6)
  An ooze (D:2)
  An adder zombie (D:5)
  7 worms
  3 dart slugs
  4 leopard geckos
  14 orcs
  8 giant cockroaches
  2 gnoll zombies (D:3)
  5 goblins
  10 hobgoblins
  14 jackals
  2 quokkas (D:3)
  A ball python (D:1)
  9 bats
  10 frilled lizards
  7 kobolds
  7 rats
152 creatures vanquished.

Notes
Turn   | Place    | Note
-------+----------+-------------------------------------------
     0 | D:1      | Hekarica the Merfolk Monk began the quest for the Orb.
     0 | D:1      | Reached XP level 1. HP: 18/18 MP: 1/1
    33 | D:1      | Reached XP level 2. HP: 19/24 MP: 2/2
   421 | D:1      | Reached XP level 3. HP: 23/29 MP: 3/3
   754 | D:2      | Found a faded altar of an unknown god.
  1063 | D:2      | Found an iron altar of Okawaru.
  1311 | D:2      | Reached XP level 4. HP: 34/36 MP: 4/4
  1373 | D:2      | Found a shimmering altar of Xom.
  1373 | D:2      | Found a glowing golden altar of the Shining One.
  1775 | D:2      | Reached skill level 1 in Armour
  2126 | D:2      | Found an opulent altar of Gozag.
  2230 | D:2      | Found a glowing silver altar of Zin.
  2230 | D:2      | Noticed an angel
  2344 | D:3      | Reached XP level 5. HP: 41/42 MP: 5/5
  2441 | D:3      | Noticed Ijyb
  2461 | D:3      | Killed Ijyb
  2461 | D:3      | Reached skill level 5 in Unarmed Combat
  2651 | D:3      | Found a basalt altar of Yredelemnul.
  2797 | D:3      | Found a deep blue altar of Sif Muna.
  2870 | D:3      | Found a bloodstained altar of Trog.
  3025 | D:3      | Reached skill level 5 in Dodging
  3131 | D:4      | Found a hide-covered altar of Uskayaw.
  3143 | D:4      | Found an ancient bone altar of Kikubaaqudgha.
  3201 | D:4      | Noticed a phantom
  3249 | D:4      | Reached XP level 6. HP: 48/48 MP: 6/6
  3328 | D:4      | Found a sparkling altar of Nemelex Xobeh.
  3752 | D:4      | HP: 1/48 [iguana (4)]
  4256 | D:5      | Entered Level 5 of the Dungeon
  4429 | D:5      | Noticed a sky beast
  4442 | D:5      | Killed a sky beast
  4442 | D:5      | Reached XP level 7. HP: 35/54 MP: 7/7
  4493 | D:5      | Noticed Eustachio
  5303 | D:6      | Reached XP level 8. HP: 48/61 MP: 8/8
  5441 | D:6      | Reached skill level 5 in Fighting
  5707 | D:6      | Reached skill level 5 in Stealth
  5716 | D:6      | Paralysed by fainting for 10 turns
  6167 | D:6      | Got a shimmering silver ring
  6731 | D:5      | Killed Eustachio
  6731 | D:5      | Reached XP level 9. HP: 66/69 MP: 9/9
  6807 | D:7      | Found Riloiq's Distillery.
  6810 | D:7      | Bought 2 potions of curing for 78 gold pieces
  6810 | D:7      | Bought a potion of flight for 39 gold pieces
  7345 | D:7      | Slain by an orc

Skill      XL: |  1  2  3  4  5  6  7  8  9 |
---------------+----------------------------+-----
Unarmed Combat | 4 5 6 7 8 |  8.4
Armour         | 1 |  1.7
Dodging        | 5 6 7 8 |  8.5
Stealth        | 3 4 6 |  6.8
Fighting       | 4 6 |  6.7

Action                   |  1- 3 |  4- 6 |  7- 9 || total
-------------------------+-------+-------+-------++-------
Melee: Unarmed           |   165 |   319 |   334 ||   818
       Punch             |     2 |    10 |    12 ||    24
  Use: Scroll            |     6 |     7 |     1 ||    14
       Potion            |       |     1 |     1 ||     2
 Stab: Sleeping          |     1 |     8 |     5 ||    14
       Distracted        |       |       |     3 ||     3
  Eat: Chunk             |     1 |     1 |       ||     2
       Ration            |       |     3 |     4 ||     7
Armor: Robe              |     2 |       |       ||     2
       Leather armour    |    37 |    59 |    44 ||   140
Dodge: Dodged            |   105 |   214 |   227 ||   546
